 Dungeon Crawl Stone Soup version 0.24.0-13-gcf9b319 (webtiles) character file.

Game seed: 358915487299217787, levelgen mode: deterministic

254 Fortress the Digger (level 6, -2/34 HPs)
             Began as a Gargoyle Earth Elementalist on Jan 5, 2020.
             Was an Initiate of Qazlal.
             Slain by an ogre
             ... wielding a +0 giant spiked club
              (7 damage)
             ... on level 4 of the Dungeon.
             The game lasted 00:16:48 (2986 turns).

Fortress the Digger (Gargoyle Earth Elementalist)   Turns: 2986, Time: 00:16:49

Health: -2/34      AC: 19    Str: 12    XL:     6   Next: 15%
Magic:  10/11      EV: 10    Int: 17    God:    Qazlal [......]
Gold:   185        SH:  0    Dex: 10    Spells: 10/11 levels left

rFire    . . .     SeeInvis .   g - +2 mace (protect)
rCold    . . .     Gourm    .   (no shield)
rNeg     + . .     Faith    .   k - +0 ring mail
rPois    ∞         Spirit   .   t - +0 helmet
rElec    +         Reflect  .   (no cloak)
rCorr    .         Harm     .   (no gloves)
MR       .....                  e - +1 pair of boots
Stlth    +.........             (no amulet)
HPRegen  0.11/turn              (no ring)
MPRegen  0.12/turn              (no ring)

@: protection aura
A: negative energy resistance 1, electricity resistance, unbreathing,
petrification resistance, rot immunity, AC +4
a: Renounce Religion


You were on level 4 of the Dungeon.
You worshipped Qazlal.
Qazlal was noncommittal.
You were not hungry.

You visited 1 branch of the dungeon, and saw 4 of its levels.

You collected 185 gold pieces.

Inventory:

Hand Weapons
 b - a +2 dagger of venom
 g - a +2 mace of protection (weapon)
Missiles
 p - 26 sling bullets
Armour
 e - a +1 pair of boots (worn)
 k - a +0 ring mail (worn)
 t - a +0 helmet (worn)
Jewellery
 c - an uncursed amulet of rage {unknown}
 o - a +3 ring of dexterity
 s - an uncursed ring of wizardry {unknown}
Scrolls
 a - a scroll of fear
 f - a scroll of random uselessness {unknown}
 h - a scroll of identify {unknown}
 i - 2 scrolls of remove curse
 j - a scroll of enchant weapon {unknown}
 n - 4 scrolls of noise {unknown}
 q - a scroll of enchant armour {unknown}
 u - a scroll of teleportation {unknown}
Potions
 l - 2 potions of heal wounds {unknown}
 r - a potion of ambrosia {unknown}
 v - a potion of curing {unknown}
Comestibles
 d - 8 rations
 w - a chunk of flesh


   Skills:
 + Level 1.5 Fighting
 + Level 2.5 Maces & Flails
 - Level 2.0 Dodging
 + Level 2.8 Stealth
 + Level 3.4 Spellcasting
   Level 0.7 Transmutations
 + Level 5.1 Earth Magic


You had 10 spell levels left.
You knew the following spells:

 Your Spells              Type           Power        Failure   Level  Hunger
a - Sandblast             Erth           ###...       4%          1    None

Your spell library contained the following spells:

 Spells                   Type           Power        Failure   Level  Hunger
 Passwall                 Tmut/Erth      ##......     17%         2    ##.....
 Stone Arrow              Conj/Erth      ##....       36%         3    ###....
 Petrify                  Tmut/Erth      ##......     75%         4    ####...
 Lee's Rapid Deconstruct  Erth           ###.......   77%         5    ######.


Dungeon Overview and Level Annotations

Branches:
Dungeon (4/15)
 Temple: D:4-7

Altars:
Gozag
Hepliaklqana
Qazlal
Wu Jian
Yredelemnul

Annotations:
D:3 3 runed translucent doors, Fang's ghost, amateur GrFi; diegoflores31's ghost, weakling HuCK; jspanek's ghost, amateur MiFi; safebet222's ghost, weakling HOFi


Innate Abilities, Weirdness & Mutations

You are resistant to torment.
Your stone body is resilient. (AC +4)
You are immune to poison.
You resist negative energy. (rN+)
You are resistant to electric shocks. (rElec)
You can survive without breathing.
You are immune to petrification.
You are immune to rotting.


Message History

You hit the ogre.
The ogre is almost dead.
The adder bites you. The ogre barely misses you.
The adder completely misses you.
You hit the ogre but do no damage.
The ogre is almost dead.
The adder barely misses you.
The ogre hits you with a +0 giant spiked club.
The adder completely misses you.
You hit the ogre.
The ogre is almost dead.
The adder bites you but does no damage.
The ogre hits you with a +0 giant spiked club!!
Ouch! That really hurt!
* * * LOW HITPOINT WARNING * * *
You barely miss the ogre.
The ogre is almost dead.
The adder closely misses you. The adder bites you but does no damage.
The ogre hits you with a +0 giant spiked club!
You die...

## .> .# ## ###
###.# .. ... .).# #.
#.# #..# #. #.# #..#
. #.###.####@O###...
#.#...#....S...... #
#..#.......#.....
.###...#.#.#..)....
##.#.#..#.#.##.#....
.........#..# ....##
. ##.###..#.#.#
.##.#
...###.###..###.# .#
# ................#


You could see an ogre and an adder.

Vanquished Creatures
  A phantom (D:4)
  2 worker ants (D:4)
  A hound skeleton (D:4)
  3 gnolls (D:3)
  An adder (D:2)
  An adder skeleton (D:4)
  4 worms
  3 dart slugs
  2 leopard geckos
  An orc (D:3)
  A ball python (D:2)
  3 giant cockroaches
  4 goblins
  10 hobgoblins
  3 jackals (D:1)
  A quokka (D:3)
  5 bats
  5 frilled lizards
  5 kobolds
  6 rats
62 creatures vanquished.

Notes
Turn   | Place    | Note
-------+----------+-------------------------------------------
     0 | D:1      | Fortress the Gargoyle Earth Elementalist began the quest
                  | for the Orb.
     0 | D:1      | Reached XP level 1. HP: 10/10 MP: 3/3
   105 | D:1      | Reached skill level 4 in Earth Magic
   105 | D:1      | Reached XP level 2. HP: 3/15 MP: 0/5
  1135 | D:2      | Reached XP level 3. HP: 20/20 MP: 4/6
  1372 | D:2      | Found an ornate altar of the Wu Jian Council.
  1481 | D:2      | Reached XP level 4. HP: 21/24 MP: 8/8
  1502 | D:2      | Found a hazy altar of Hepliaklqana.
  1788 | D:3      | Reached skill level 1 in Fighting
  1788 | D:3      | Reached skill level 1 in Maces & Flails
  2082 | D:3      | Found a runed translucent gate.
  2083 | D:3      | Found a runed translucent gate.
  2083 | D:3      | Found a runed translucent gate.
  2084 | D:3      | Noticed Fang's ghost (amateur GrFi)
  2085 | D:3      | Noticed diegoflores31's ghost (weakling HuCK)
  2085 | D:3      | Noticed Fang's ghost (amateur GrFi)
  2085 | D:3      | Noticed safebet222's ghost (weakling HOFi)
  2085 | D:3      | Noticed jspanek's ghost (amateur MiFi)
  2145 | D:3      | Found a stormy altar of Qazlal.
  2157 | D:3      | Became a worshipper of Qazlal Stormbringer
  2291 | D:3      | Found an opulent altar of Gozag.
  2307 | D:3      | Found a basalt altar of Yredelemnul.
  2696 | D:4      | Reached XP level 5. HP: 29/29 MP: 1/9
  2781 | D:4      | Noticed a phantom
  2792 | D:4      | Killed a phantom
  2792 | D:4      | Reached skill level 5 in Earth Magic
  2792 | D:4      | Reached XP level 6. HP: 18/34 MP: 0/11
  2986 | D:4      | Slain by an ogre

Levels and vault maps discovered:
D:1:      roderic_dead_forest, layout_loops_ring, nrook_uturn
D:2:      layout_rooms, old_standard_altar, nicolae_overflow_crystal_walls
D:3:      layout_loops_ring, overflow_temple_1_default,
          overflow_temple_1_default, yredelemnul_altar_generic,
          gammafunk_ghost_cemetery, first_ration
D:4:      layout_loops_ring

Skill      XL: |  1  2  3  4  5 |
---------------+----------------+-----
Earth Magic    | 4 5 |  5.1
Fighting       | 1 |  1.5
Maces & Flails | 1 2 |  2.5
Spellcasting   | 3 |  3.4
Dodging        | 2 |  2.0
Stealth        | |  2.8
Transmutations | |  0.7

Action                   |  1- 3 |  4- 6 || total
-------------------------+-------+-------++-------
Melee: Unarmed           |    11 |       ||    11
       Mace              |    56 |    84 ||   140
 Cast: Sandblast         |    30 |    25 ||    55
  Use: Scroll            |       |     2 ||     2
  Eat: Chunk             |     2 |     5 ||     7
Armor: Robe              |    13 |       ||    13
       Ring mail         |    39 |    76 ||   115
Dodge: Dodged            |    74 |    62 ||   136
